NYP
CINCINNATI (NYP) REDS @ STATE COLLEGE SPIKES
05/12/2048
 
TOP OF THE 1ST
Cincinnati (NYP) Reds batting - Pitching for State College Spikes : RHP Roberto Ruiz
Pitching: RHP Roberto Ruiz
Batting: RHB Jon Marquez 0-0: Called Strike
0-1: Foul Ball, location: 2F
0-2: Ball
1-2: Foul Ball, location: 2F
1-2: Strikes out swinging
Batting: LHB Jason Pirkle 0-0: Ball
1-0: Ground out 3-1 (Groundball, 34, EV 84.4 MPH)
Batting: SHB Kristian Kristensen 0-0: Ball
1-0: Swinging Strike
1-1: Ball
2-1: Foul Ball, location: 2F
2-2: Ball
3-2: Base on Balls
Batting: LHB Brian Dickeson 0-0: Swinging Strike
0-1: Foul Ball, location: 2F
0-2: Ball
1-2: Foul Ball, location: 2F
1-2: Foul Ball, location: 2F
1-2: Fly out, F7 (Flyball, 78S, EV 82.5 MPH)
Top of the 1st over - 0 runs, 0 hits, 0 errors, 1 left on base; Cincinnati (NYP) 0 - State College 0
BOTTOM OF THE 1ST
State College Spikes batting - Pitching for Cincinnati (NYP) Reds : LHP Jesus Perez
Pitching: LHP Jesus Perez
Batting: RHB Tim Cleary 0-0: Ball
1-0: Called Strike
1-1: SINGLE (Groundball, 6MD, EV 99.4 MPH)
Batting: SHB Justin Towry 0-0: Called Strike
Tim Cleary steals 2nd base (no throw)
0-1: Foul Ball, location: 2F
0-2: Ball
Wild Pitch!
Tim Cleary to third
1-2: Foul Ball, location: 2F
1-2: Ball
2-2: Ball
3-2: Foul Ball, location: 2F
3-2: Foul Ball, location: 2F
3-2: Foul Ball, location: 2F
3-2: Foul Ball, location: 2F
3-2: Base on Balls
Batting: RHB Ben Politi 0-0: Ball
1-0: Called Strike
1-1: Ground out 4-3 (Groundball, 34, EV 98.1 MPH)
Tim Cleary scores
Justin Towry to second
Batting: RHB Bobby Miles 0-0: Called Strike
0-1: Ball
1-1: Ball
2-1: Foul Ball, location: 2F
2-2: Strikes out swinging
Batting: LHB Ignacio Ocampo 0-0: Called Strike
0-1: Ball
1-1: Ball
Balk!
Justin Towry to third
2-1: Foul Ball, location: 2F
2-2: Ball
3-2: TRIPLE (Line Drive, 89XD, EV 109.4 MPH)
Justin Towry scores
Batting: RHB McGwire Jones 0-0: Ball
Wild Pitch!
Ignacio Ocampo scores
1-0: Ball
2-0: Foul Ball, location: 2F
2-1: Ball
3-1: Foul Ball, location: 2F
3-2: Base on Balls
Batting: SHB Justin Houser 0-0: Ball
1-0: Swinging Strike
1-1: Swinging Strike
1-2: Foul Ball, location: 2F
1-2: Foul Ball, location: 2F
1-2: Strikes out swinging
Bottom of the 1st over - 3 runs, 2 hits, 0 errors, 1 left on base; Cincinnati (NYP) 0 - State College 3
TOP OF THE 2ND
Cincinnati (NYP) Reds batting - Pitching for State College Spikes : RHP Roberto Ruiz
Batting: RHB Kevin Larner 0-0: Called Strike
0-1: Ball
1-1: Ball
2-1: Swinging Strike
2-2: Foul Ball, location: 2F
2-2: Foul Ball, location: 2F
2-2: Foul Ball, location: 2F
2-2: Strikes out looking
Batting: SHB Cesar Pelayo 0-0: Called Strike
0-1: SINGLE (Groundball, 34D, EV 102.5 MPH)
Batting: SHB Tim Utz 0-0: Called Strike
0-1: Foul Ball, location: 2F
0-2: Ball
1-2: Strikes out looking
Batting: RHB Tim Walter 0-0: Ball
1-0: Ground out 2-3 (Groundball, 13S, EV 76.9 MPH)
Top of the 2nd over - 0 runs, 1 hit, 0 errors, 1 left on base; Cincinnati (NYP) 0 - State College 3
BOTTOM OF THE 2ND
State College Spikes batting - Pitching for Cincinnati (NYP) Reds : LHP Jesus Perez
Batting: RHB Roberto Ruiz 0-0: Ball
1-0: Ball
2-0: Ground out 6-3 (Groundball, 6, EV 107.5 MPH)
Batting: RHB Kyle Burns 0-0: Ball
1-0: Foul Ball, location: 2F
1-1: Foul Ball, location: 2F
1-2: Foul Ball, location: 2F
1-2: SINGLE (Groundball, 56D, EV 95.0 MPH)
Batting: RHB Tim Cleary 0-0: Called Strike
0-1: Called Strike
0-2: Strikes out swinging
Batting: SHB Justin Towry 0-0: Ball
1-0: SINGLE (Groundball, 56D, EV 103.1 MPH)
Kyle Burns to second
Batting: RHB Ben Politi 0-0: Ground out 4-3 (Groundball, 4, EV 81.9 MPH)
Bottom of the 2nd over - 0 runs, 2 hits, 0 errors, 2 left on base; Cincinnati (NYP) 0 - State College 3
TOP OF THE 3RD
Cincinnati (NYP) Reds batting - Pitching for State College Spikes : RHP Roberto Ruiz
Batting: RHB Cyd Carver 0-0: Called Strike
0-1: Swinging Strike
0-2: Strikes out swinging
Batting: RHB Jon Marquez 0-0: Ball
1-0: Called Strike
1-1: Called Strike
1-2: Foul Ball, location: 2F
1-2: Ball
2-2: Strikes out swinging
Batting: LHB Jason Pirkle 0-0: Ball
1-0: Foul Ball, location: 2F
1-1: Swinging Strike
1-2: Strikes out swinging
Top of the 3rd over - 0 runs, 0 hits, 0 errors, 0 left on base; Cincinnati (NYP) 0 - State College 3
BOTTOM OF THE 3RD
State College Spikes batting - Pitching for Cincinnati (NYP) Reds : LHP Jesus Perez
Batting: RHB Bobby Miles 0-0: Foul Ball, location: 2F
0-1: Ball
1-1: Foul Ball, location: 2F
1-2: Ball
2-2: Foul Ball, location: 2F
2-2: Ball
3-2: Fly out, F9 (Flyball, 9LD, EV 103.8 MPH)
Batting: LHB Ignacio Ocampo 0-0: Ball
1-0: Called Strike
1-1: Foul Ball, location: 2F
1-2: Ball
2-2: Strikes out looking
Batting: RHB McGwire Jones 0-0: Ball
1-0: Ground out 1-3 (Groundball, 15S, EV 65.6 MPH)
Bottom of the 3rd over - 0 runs, 0 hits, 0 errors, 0 left on base; Cincinnati (NYP) 0 - State College 3
TOP OF THE 4TH
Cincinnati (NYP) Reds batting - Pitching for State College Spikes : RHP Roberto Ruiz
Batting: SHB Kristian Kristensen 0-0: Ball
1-0: Swinging Strike
1-1: Ball
2-1: Ball
3-1: Base on Balls
Batting: LHB Brian Dickeson 0-0: Called Strike
0-1: Ball
1-1: DOUBLE (Flyball, 8RXD, EV 109.4 MPH)
Kristian Kristensen to third
Batting: RHB Kevin Larner 0-0: Ball
1-0: Ball
2-0: Called Strike
2-1: Fly out, F8 (Flyball, 89D, EV 93.1 MPH)
Runner from 3rd tags up, SCORES, throw by CF
Brian Dickeson to third
Batting: SHB Cesar Pelayo 0-0: Ball
1-0: Foul Ball, location: 2F
1-1: Called Strike
1-2: Ball
2-2: Foul Ball, location: 2F
2-2: Ball
3-2: Base on Balls
Batting: SHB Tim Utz 0-0: Ball
1-0: Called Strike
1-1: Foul Ball, location: 2F
1-2: Strikes out swinging
Batting: RHB Tim Walter 0-0: Ball
1-0: Called Strike
1-1: Swinging Strike
1-2: Foul Ball, location: 2F
1-2: Strikes out swinging
Top of the 4th over - 1 run, 1 hit, 0 errors, 2 left on base; Cincinnati (NYP) 1 - State College 3
BOTTOM OF THE 4TH
State College Spikes batting - Pitching for Cincinnati (NYP) Reds : LHP Jesus Perez
Batting: SHB Justin Houser 0-0: TRIPLE (Line Drive, 7LD, EV 115.0 MPH)
Batting: RHB Roberto Ruiz 0-0: Ball
1-0: Foul Ball, location: 2F
1-1: Foul Ball, location: 2F
1-2: Fly out, F9 (Flyball, 89XD, EV 87.5 MPH)
Runner from 3rd tags up, SCORES, no throw by RF
Batting: RHB Kyle Burns 0-0: Reached on error, E1 (Groundball, 25, EV 74.4 MPH)
Batting: RHB Tim Cleary 0-0: Called Strike
0-1: Swinging Strike
0-2: Ball
1-2: Ball
2-2: Strikes out swinging
Batting: SHB Justin Towry 0-0: Ball
1-0: Foul Ball, location: 2F
1-1: Ground out U3 (Groundball, 34, EV 79.4 MPH)
Bottom of the 4th over - 1 run, 1 hit, 1 error, 1 left on base; Cincinnati (NYP) 1 - State College 4
TOP OF THE 5TH
Cincinnati (NYP) Reds batting - Pitching for State College Spikes : RHP Roberto Ruiz
Batting: RHB Cyd Carver 0-0: Ball
1-0: Swinging Strike
1-1: Ground out U3 (Groundball, 34S, EV 85.0 MPH)
Batting: RHB Jon Marquez 0-0: Called Strike
0-1: Ball
1-1: Foul Ball, location: 2F
1-2: Ball
2-2: Ground out 6-3 (Groundball, 6, EV 102.5 MPH)
Batting: LHB Jason Pirkle 0-0: Ball
1-0: Called Strike
1-1: Ground out 6-3 (Groundball, 6, EV 90.6 MPH)
Top of the 5th over - 0 runs, 0 hits, 0 errors, 0 left on base; Cincinnati (NYP) 1 - State College 4
BOTTOM OF THE 5TH
State College Spikes batting - Pitching for Cincinnati (NYP) Reds : LHP Jesus Perez
Batting: RHB Ben Politi 0-0: Called Strike
0-1: Ball
1-1: Ball
2-1: Fly out, F8 (Flyball, 8RXD, EV 100.6 MPH)
Batting: RHB Bobby Miles 0-0: SOLO HOME RUN (Flyball, 9LD, EV 94.4 MPH), Distance : 336 ft
Pitching: RHP Jaime Kijowski
Batting: LHB Ignacio Ocampo 0-0: Ball
1-0: Foul Ball, location: 2F
1-1: Foul Ball, location: 2F
1-2: Ground out 4-3 (Groundball, 4MS, EV 66.2 MPH)
Batting: RHB McGwire Jones 0-0: Ball
1-0: Ball
2-0: Foul Ball, location: 2F
2-1: Foul Ball, location: 2F
2-2: Foul Ball, location: 2F
2-2: Strikes out looking
Bottom of the 5th over - 1 run, 1 hit, 0 errors, 0 left on base; Cincinnati (NYP) 1 - State College 5
TOP OF THE 6TH
Cincinnati (NYP) Reds batting - Pitching for State College Spikes : RHP Roberto Ruiz
Batting: SHB Kristian Kristensen 0-0: Ball
1-0: Ball
2-0: Ball
3-0: SINGLE (Line Drive, 5D, EV 98.1 MPH)
Batting: LHB Brian Dickeson 0-0: Called Strike
0-1: Ball
1-1: Ball
2-1: SINGLE (Groundball, 6MD, EV 94.4 MPH)
Kristian Kristensen to second
Batting: RHB Kevin Larner 0-0: Swinging Strike
0-1: Ball
Wild Pitch!
Kristian Kristensen to third
Brian Dickeson to second
1-1: Ball
2-1: Called Strike
2-2: Ball
3-2: Foul Ball, location: 2F
3-2: Strikes out swinging
Pitching: RHP Howie Seidler
Batting: SHB Cesar Pelayo 0-0: Foul Ball, location: 2F
0-1: Swinging Strike
0-2: Ball
1-2: Strikes out looking
Batting: SHB Tim Utz 0-0: Called Strike
0-1: Ball
1-1: Ground out 6-3 (Groundball, 6, EV 101.9 MPH)
Top of the 6th over - 0 runs, 2 hits, 0 errors, 2 left on base; Cincinnati (NYP) 1 - State College 5
BOTTOM OF THE 6TH
State College Spikes batting - Pitching for Cincinnati (NYP) Reds : RHP Jaime Kijowski
Batting: SHB Justin Houser 0-0: Ball
1-0: Ground out U3 (Groundball, 3S, EV 73.8 MPH)
Batting: RHB Roberto Ruiz 0-0: Ball
1-0: Foul Ball, location: 2F
1-1: Ball
2-1: Foul Ball, location: 2F
2-2: Foul Ball, location: 2F
2-2: Ball
3-2: Base on Balls
Batting: RHB Kyle Burns 0-0: Ball
1-0: Fly out, F7 (Flyball, 7, EV 88.8 MPH)
Batting: RHB Tim Cleary 0-0: Ball
1-0: Ball
Wild Pitch!
Roberto Ruiz to second
2-0: Ball
3-0: Called Strike
3-1: Base on Balls
Batting: SHB Justin Towry 0-0: Ball
1-0: Called Strike
1-1: Called Strike
1-2: Hit by Pitch
Roberto Ruiz to third
Tim Cleary to second
Batting: RHB Ben Politi 0-0: Called Strike
0-1: Foul Ball, location: 2F
0-2: Foul Ball, location: 2F
0-2: Strikes out looking
Bottom of the 6th over - 0 runs, 0 hits, 0 errors, 3 left on base; Cincinnati (NYP) 1 - State College 5
TOP OF THE 7TH
Cincinnati (NYP) Reds batting - Pitching for State College Spikes : RHP Howie Seidler
Batting: RHB Tim Walter 0-0: Swinging Strike
0-1: Foul Ball, location: 2F
0-2: Ball
1-2: Ball
2-2: SINGLE (Groundball, 6D, EV 99.4 MPH)
Batting: RHB Cyd Carver 0-0: Ball
1-0: Foul Ball, location: 2F
1-1: Ball
2-1: DOUBLE (Line Drive, 9LM, EV 94.4 MPH)
Tim Walter to third
Batting: RHB Jon Marquez 0-0: Ball
1-0: Ball
2-0: 3-RUN HOME RUN (Flyball, 7LD, EV 93.1 MPH), Distance : 337 ft
Pitching: LHP Jake Hall
Pinch Hitting: RHB D.J. McManigle 0-0: Ball
1-0: Called Strike
1-1: Ball
2-1: Called Strike
2-2: Ball
3-2: Foul Ball, location: 2F
3-2: Base on Balls
Batting: SHB Kristian Kristensen 0-0: Ball
1-0: Called Strike
1-1: Foul Ball, location: 2F
1-2: Foul Ball, location: 2F
1-2: Ball
2-2: Fly out, F9 (Line Drive, 89M, EV 105.0 MPH)
Pinch Hitting: RHB Yasusaburo Kuwahara 0-0: Ball
1-0: Foul Ball, location: 2F
1-1: Foul Ball, location: 2F
1-2: Strikes out swinging
Batting: RHB Kevin Larner 0-0: Ball
1-0: Foul Ball, location: 2F
1-1: Ball
Wild Pitch!
D.J. McManigle to second
2-1: Ground out 6-3 (Groundball, 6, EV 88.1 MPH)
Top of the 7th over - 3 runs, 3 hits, 0 errors, 1 left on base; Cincinnati (NYP) 4 - State College 5
BOTTOM OF THE 7TH
State College Spikes batting - Pitching for Cincinnati (NYP) Reds : RHP Jaime Kijowski
Now in CF: R.J. Romberg
Now in RF: Tony Diaz
Batting: RHB Bobby Miles 0-0: Swinging Strike
0-1: Swinging Strike
0-2: SINGLE (Line Drive, 6D, EV 94.4 MPH)
Batting: LHB Ignacio Ocampo 0-0: Ball
Bobby Miles is caught stealing 2nd base 2-6
1-0: Ground out U3 (Groundball, 3S, EV 85.0 MPH)
Batting: RHB McGwire Jones 0-0: Called Strike
0-1: Ball
1-1: Swinging Strike
1-2: Foul Ball, location: 2F
1-2: Ball
2-2: Ball
3-2: Ground out 6-3 (Groundball, 6, EV 85.6 MPH)
Bottom of the 7th over - 0 runs, 1 hit, 0 errors, 0 left on base; Cincinnati (NYP) 4 - State College 5
TOP OF THE 8TH
Cincinnati (NYP) Reds batting - Pitching for State College Spikes : LHP Jake Hall
Batting: SHB Cesar Pelayo 0-0: Ball
1-0: Foul Ball, location: 2F
1-1: Called Strike
1-2: Ball
2-2: DOUBLE (Groundball, 5L, EV 102.5 MPH)
Batting: SHB Tim Utz 0-0: Ball
1-0: Ball
2-0: Ball
3-0: Base on Balls
Batting: RHB Tim Walter 0-0: Called Strike
0-1: Bunt - Flyout to 3S - DP at third! 3-6
Pinch Hitting: RHB David Clough 0-0: Ball
1-0: Swinging Strike
1-1: Foul Ball, location: 2F
1-2: Strikes out swinging
Top of the 8th over - 0 runs, 1 hit, 0 errors, 1 left on base; Cincinnati (NYP) 4 - State College 5
BOTTOM OF THE 8TH
State College Spikes batting - Pitching for Cincinnati (NYP) Reds : RHP Jaime Kijowski
Pitching: RHP Javier Perez
Now at SS: Akira Yamano
Batting: SHB Justin Houser 0-0: Swinging Strike
0-1: Ball
1-1: Called Strike
1-2: Foul Ball, location: 2F
1-2: Ball
2-2: Strikes out swinging
Batting: RHB Roberto Ruiz 0-0: Ball
1-0: Ball
2-0: Fly out, F9 (Line Drive, 89M, EV 93.1 MPH)
Batting: RHB Kyle Burns 0-0: Ball
1-0: Ball
2-0: Called Strike
2-1: Ball
3-1: Base on Balls
Batting: RHB Tim Cleary 0-0: Ball
1-0: Ball
2-0: Fly out, F3 (Line Drive, 3, EV 67.5 MPH)
Bottom of the 8th over - 0 runs, 0 hits, 0 errors, 1 left on base; Cincinnati (NYP) 4 - State College 5
TOP OF THE 9TH
Cincinnati (NYP) Reds batting - Pitching for State College Spikes : LHP Jake Hall
Now in LF: Mario Mendoza
Batting: RHB Jon Marquez 0-0: Ball
1-0: Foul Ball, location: 2F
1-1: Ball
2-1: Foul Ball, location: 2F
2-2: Strikes out looking
Batting: RHB Tony Diaz 0-0: Foul Ball, location: 2F
0-1: Ball
1-1: SOLO HOME RUN (Flyball, 89XD, EV 105.0 MPH), Distance : 407 ft
Batting: SHB Kristian Kristensen 0-0: Swinging Strike
0-1: SINGLE (Flyball, 56D, EV 88.8 MPH)
Pitching: LHP Wil Diaz
Batting: RHB R.J. Romberg 0-0: Ball
1-0: Foul Ball, location: 2F
1-1: Called Strike
1-2: Ball
2-2: Strikes out swinging
Batting: RHB Kevin Larner 0-0: Ball
1-0: Ball
2-0: Foul Ball, location: 2F
2-1: Swinging Strike
2-2: Strikes out swinging
Top of the 9th over - 1 run, 2 hits, 0 errors, 1 left on base; Cincinnati (NYP) 5 - State College 5
BOTTOM OF THE 9TH
State College Spikes batting - Pitching for Cincinnati (NYP) Reds : RHP Javier Perez
Batting: SHB Justin Towry 0-0: Called Strike
0-1: Ball
1-1: Foul Ball, location: 2F
1-2: Foul Ball, location: 2F
1-2: Strikes out swinging
Pinch Hitting: LHB Jorge Zarazua 0-0: Reached on error, E1 (Groundball, 13S, EV 69.4 MPH)
Pinch Hitting: LHB Billy Lang 0-0: Called Strike
0-1: Ball
1-1: Foul Ball, location: 2F
1-2: Ball
2-2: Ball
3-2: Base on Balls
Jorge Zarazua to second
Batting: LHB Ignacio Ocampo 0-0: Ball
1-0: Ball
2-0: Swinging Strike
2-1: Foul Ball, location: 2F
2-2: Foul Ball, location: 2F
2-2: Ball
3-2: Strikes out swinging
Pitching: RHP Lee Durbin
Batting: RHB McGwire Jones 0-0: Ball
1-0: Ball
2-0: Ball
3-0: Called Strike
3-1: Base on Balls
Jorge Zarazua to third
Billy Lang to second
Batting: SHB Justin Houser 0-0: Ball
1-0: Ball
2-0: Called Strike
2-1: Foul Ball, location: 2F
2-2: Strikes out swinging
Bottom of the 9th over - 0 runs, 0 hits, 1 error, 3 left on base; Cincinnati (NYP) 5 - State College 5
TOP OF THE 10TH
Cincinnati (NYP) Reds batting - Pitching for State College Spikes : LHP Wil Diaz
Now in LF: Billy Lang
Now in RF: Sam Daw
Pinch Hitting: RHB Randy Grewe 0-0: Called Strike
0-1: Ball
1-1: Ball
2-1: Foul Ball, location: 2F
2-2: Ball
3-2: Foul Ball, location: 2F
3-2: Foul Ball, location: 2F
3-2: Strikes out looking
Batting: SHB Tim Utz 0-0: SINGLE (Groundball, 34D, EV 96.2 MPH)
Batting: RHB Tim Walter 0-0: Called Strike
0-1: Grounds into double play, 6-4-3 (Groundball, 6, EV 106.2 MPH)
Top of the 10th over - 0 runs, 1 hit, 0 errors, 0 left on base; Cincinnati (NYP) 5 - State College 5
BOTTOM OF THE 10TH
State College Spikes batting - Pitching for Cincinnati (NYP) Reds : RHP Lee Durbin
Now at 1B: Randy Grewe
Batting: RHB Roberto Ruiz 0-0: Ball
1-0: Called Strike
1-1: Ground out 5-3 (Groundball, 5L, EV 84.4 MPH)
Batting: RHB Kyle Burns 0-0: Ground out 4-3 (Groundball, 4MD, EV 90.6 MPH)
Pinch Hitting: RHB Joe LaDue 0-0: Ball
1-0: Fly out, F7 (Flyball, 78M, EV 94.4 MPH)
Bottom of the 10th over - 0 runs, 0 hits, 0 errors, 0 left on base; Cincinnati (NYP) 5 - State College 5
TOP OF THE 11TH
Cincinnati (NYP) Reds batting - Pitching for State College Spikes : LHP Wil Diaz
Now at SS: Joe LaDue
Batting: LHB Akira Yamano 0-0: Called Strike
0-1: Swinging Strike
0-2: Ball
1-2: Strikes out swinging
Batting: RHB Jon Marquez 0-0: Ball
1-0: SOLO HOME RUN (Flyball, 7LD, EV 96.2 MPH), Distance : 340 ft
Batting: RHB Tony Diaz 0-0: Ball
1-0: Foul Ball, location: 2F
1-1: Ball
2-1: Fly out, F1 (Line Drive, P, EV 71.2 MPH)
Batting: SHB Kristian Kristensen 0-0: Called Strike
0-1: Ball
1-1: Foul Ball, location: 2F
1-2: Strikes out swinging
Top of the 11th over - 1 run, 1 hit, 0 errors, 0 left on base; Cincinnati (NYP) 6 - State College 5
BOTTOM OF THE 11TH
State College Spikes batting - Pitching for Cincinnati (NYP) Reds : RHP Lee Durbin
Now at 1B: Ben Hinman
Batting: SHB Justin Towry 0-0: Ball
1-0: Ball
2-0: Ball
3-0: Called Strike
3-1: Ground out 4-3 (Groundball, 4, EV 80.6 MPH)
Batting: RHB Sam Daw 0-0: Called Strike
0-1: Ball
1-1: Ball
2-1: Ball
3-1: Called Strike
3-2: Foul Ball, location: 2F
3-2: Base on Balls
Pitching: LHP Eric Dennis
Pinch Hitting: RHB Chris Norris 0-0: Foul Ball, location: 2F
0-1: Ball
Balk!
Sam Daw to second
1-1: Ball
2-1: Foul Ball, location: 2F
2-2: Strikes out swinging
Pinch Hitting: RHB Adam Hudson 0-0: Fly out, F9 (Flyball, 9S, EV 71.9 MPH)
Bottom of the 11th over - 0 runs, 0 hits, 0 errors, 1 left on base; Cincinnati (NYP) 6 - State College 5
Tuesday, March 28th , 2023 - OOTP Baseball 23.10 Build 110